 Dungeon Crawl Stone Soup version 0.31-a0-187-gba352fbbf7 (webtiles) character file.

Game seed: 17802617786745610166

597 qw the Skirmisher (level 7, -3/40 HPs)
             Began as a Deep Elf Hunter on June 22, 2023.
             Was an Initiate of Okawaru.
             Succumbed to a water moccasin's poison
             ... on level 4 of the Dungeon.
             The game lasted 00:01:35 (3167 turns).

qw the Skirmisher (Deep Elf Hunter)                 Turns: 3167, Time: 00:01:36

Health: -3/40      AC:  5    Str: 10    XL:     7   Next: 17%
Magic:  9/9        EV: 12    Int: 14    God:    Okawaru [......]
Gold:   328        SH:  0    Dex: 24    Spells: 6/6 levels left

rFire   . . .        Y - +0 shortbow
rCold   . . .        (shield currently unavailable)
rNeg    + . .        d - +0 ring mail
rPois   .            (no helmet)
rElec   .            (no cloak)
rCorr   .            (no gloves)
SInv    .            (no boots)
Will    .....        c - amulet of the acrobat
Stlth   ++           k - +6 ring of dexterity
HPRegen 0.26/turn    l - ring of positive energy
MPRegen 0.11/turn

%: acrobat
@: lethally poisoned (-3 -> -19), about to teleport
A: no striking features
a: Renounce Religion


You were on level 4 of the Dungeon.
You worshipped Okawaru.
Okawaru was noncommittal.
You visited 2 branches of the dungeon, and saw 6 of its levels.

You collected 328 gold pieces.


   Skills:
 - Level 2.0 Fighting
 + Level 10.6 Ranged Weapons
 - Level 4.0 Dodging
 - Level 1.2 Stealth


You had 6 spell levels left.
You didn't know any spells.
Your spell library was empty.

Inventory:

Hand Weapons
 Y - a +0 shortbow (weapon)
Armour
 d - a +0 ring mail (worn)
Jewellery
 c - an amulet of the acrobat (around neck)
 k - a +6 ring of dexterity (left hand)
 l - a ring of positive energy (right hand)
Scrolls
 h - a scroll of identify
Potions
 b - a potion of attraction {unknown}
 e - 2 potions of enlightenment
 f - a potion of haste
 g - a potion of magic {unknown}
 j - a potion of mutation

Dungeon Overview and Level Annotations

Branches:
Dungeon (5/15)             Temple (1/1) D:4

Altars:
Ashenzari
Cheibriados
Dithmenos
Gozag
Hepliaklqana
Kikubaaqudgha
Makhleb
Nemelex Xobeh
Okawaru
Qazlal
Ru
Sif Muna
Trog
Wu Jian
Xom
Yredelemnul
Zin
The Shining One


Message History

You shoot an arrow.
The arrow barely misses the water moccasin.
The water moccasin barely misses you. The water moccasin closely misses you.
You shoot an arrow.
The arrow hits the water moccasin but does no damage.
The water moccasin is lightly wounded.
The water moccasin barely misses you.
You shoot an arrow. The arrow hits the water moccasin.
The water moccasin is moderately wounded.
The water moccasin bites you. The water moccasin barely misses you.
You shoot an arrow. The arrow hits the water moccasin.
The water moccasin is heavily wounded.
The water moccasin bites you.
You shoot an arrow.
The arrow hits the water moccasin but does no damage.
The water moccasin is heavily wounded.
The water moccasin bites you. The water moccasin misses you.
You shoot an arrow.
The arrow barely misses the water moccasin.
The water moccasin bites you.
You shoot an arrow.
The arrow barely misses the water moccasin.
The water moccasin bites you.
You are poisoned.
The water moccasin poisons you!
The water moccasin completely misses you.
You shoot an arrow. The arrow hits the water moccasin.
The water moccasin is severely wounded.
You feel very sick. The water moccasin bites you.
You are more poisoned.
The water moccasin poisons you!
3166 ||| READING scroll of teleportation.
As you read the scroll of teleportation, it crumbles to dust.
You feel strangely unstable.
You feel very sick. The water moccasin barely misses you.
The water moccasin misses you.
You shoot an arrow. The arrow hits the water moccasin.
The water moccasin is severely wounded.
You die...

#.##.####....##....#...........
#...............>......####....
#####........#....##...# #....
##.......#....#..#..# #....
#........#..#.#.....## #....
#.........##...#.....# #....
#....................###....
##..........................
#........#@S...............
##'###....####..........####
#...........##..>....####
#....................#
#...........77777....#######
#...............7..#........
###...####77......7#........
#...###77.777.7..7........
#...#..7.7....7..7........


You could see a water moccasin.

Vanquished Creatures
  A phantom (D:4)
  A scorpion (D:4)
  A water moccasin zombie (D:4)
  A hound (D:4)
  2 orc priests (D:4)
  Jessica (D:3)
  3 orc wizards (D:4)
  A scorpion zombie (D:4)
  2 hound zombies (D:4)
  4 adders
  3 worms
  5 dart slugs
  13 orcs
  6 ball pythons
  2 bats
  11 endoplasms
  8 goblins
  7 hobgoblins
  9 jackals
  2 quokkas
  6 frilled lizards
  11 kobolds
  6 rats
106 creatures vanquished.

Notes
Turn   | Place    | Note
-------+----------+-------------------------------------------
     0 | D:1      | qw the Deep Elf Hunter began the quest for the Orb.
     0 | D:1      | Reached XP level 1. HP: 12/12 MP: 3/3
     0 | D:1      | 0 ||| qw: Version: 0.3-a-9-g12657ce
     0 | D:1      | 0 ||| qw: Game counter: 2668
     0 | D:1      | 0 ||| qw: Always use a shield: true
     0 | D:1      | 0 ||| qw: God list: Okawaru
     0 | D:1      | 0 ||| qw: Allow faded altars: false
     0 | D:1      | 0 ||| qw: Do Orc after D:15 true
     0 | D:1      | 0 ||| qw: Do second Lair branch before Depths: true
     0 | D:1      | 0 ||| qw: Lair rune preference: random
     0 | D:1      | 0 ||| qw: Plans: Normal
     0 | D:1      | 0 ||| PLANNING D:1-11
    66 | D:1      | Reached skill level 6 in Ranged Weapons
    66 | D:1      | Reached XP level 2. HP: 16/16 MP: 4/4
   218 | D:1      | Reached XP level 3. HP: 20/20 MP: 5/5
   426 | D:1      | 426 ||| UPGRADING to +0 ring mail.
   436 | D:1      | 436 ||| DROPPING +0 leather armour.
   437 | D:1      | 437 ||| DRINKING 2 viscous inky potions.
   466 | D:1      | 466 ||| DROPPING scroll of butterflies.
   467 | D:1      | 467 ||| DROPPING potion of lignification.
   505 | D:2      | Reached skill level 7 in Ranged Weapons
   644 | D:2      | 644 ||| FLEEEEING.
   645 | D:2      | 645 ||| FLEEEEING.
   646 | D:2      | 646 ||| FLEEEEING.
   647 | D:2      | 647 ||| FLEEEEING.
   648 | D:2      | 648 ||| FLEEEEING.
   680 | D:2      | Reached XP level 4. HP: 25/25 MP: 6/6
   773 | D:2      | Found a snail-covered altar of Cheibriados.
  1209 | D:2      | Reached skill level 8 in Ranged Weapons
  1219 | D:2      | 1219 ||| UPGRADING to amulet of the acrobat.
  1224 | D:2      | 1224 ||| UPGRADING to +6 ring of dexterity.
  1225 | D:2      | 1225 ||| READING 3 scrolls labelled ETIQYT DARODI.
  1230 | D:2      | 1230 ||| READING scroll labelled KEUT COCEZING.
  1231 | D:2      | 1231 ||| READING 4 scrolls labelled OBUR HUWAUKUO.
  1232 | D:2      | 1232 ||| READING 3 scrolls of identify.
  1232 | D:2      | 1232 ||| IDENTIFYING pink potion
  1233 | D:2      | 1233 ||| READING 2 scrolls of identify.
  1233 | D:2      | 1233 ||| IDENTIFYING blue potion
  1274 | D:3      | Found a faded altar of an unknown god.
  1279 | D:3      | Noticed Jessica
  1280 | D:3      | Killed Jessica
  1281 | D:3      | Reached skill level 3 in Dodging
  1307 | D:3      | Reached XP level 5. HP: 29/29 MP: 7/7
  1997 | D:3      | 1997 ||| UPGRADING to ring of positive energy.
  1998 | D:3      | 1998 ||| READING 2 scrolls labelled EGRAUWN SUYCOOWY.
  1999 | D:3      | 1999 ||| READING scroll labelled VONIEFE ZOERHO.
  2000 | D:3      | 2000 ||| READING 3 scrolls labelled VIZELU ROSOX.
  2001 | D:3      | 2001 ||| DRINKING 3 cyan potions.
  2002 | D:3      | 2002 ||| DROPPING scroll of revelation.
  2003 | D:3      | 2003 ||| DROPPING 2 scrolls of immolation.
  2148 | D:4      | Reached skill level 9 in Ranged Weapons
  2155 | D:4      | Found a basalt altar of Yredelemnul.
  2165 | D:4      | 2165 ||| DRINKING 3 potions of curing.
  2165 | D:4      | 2165 ||| (to cure confusion)
  2174 | D:4      | HP: 4/30 [water moccasin zombie (4)]
  2175 | D:4      | 2175 ||| READING 3 scrolls of teleportation.
  2182 | D:4      | Reached XP level 6. HP: 6/35 MP: 8/8
  2182 | D:4      | 2182 ||| FLEEEEING.
  2183 | D:4      | 2183 ||| FLEEEEING.
  2184 | D:4      | 2184 ||| FLEEEEING.
  2185 | D:4      | 2185 ||| FLEEEEING.
  2186 | D:4      | 2186 ||| FLEEEEING.
  2187 | D:4      | 2187 ||| STAIRDANCE
  2296 | D:3      | 2296 ||| READING 3 scrolls of identify.
  2296 | D:3      | 2296 ||| IDENTIFYING fizzy inky potion
  2297 | D:3      | 2297 ||| READING 2 scrolls of identify.
  2297 | D:3      | 2297 ||| IDENTIFYING viscous silvery potion
  2372 | D:4      | Found an ornate altar of the Wu Jian Council.
  2439 | D:4      | 2439 ||| DRINKING 2 potions of curing.
  2439 | D:4      | 2439 ||| (to cure confusion)
  2445 | D:4      | 2445 ||| FLEEEEING.
  2446 | D:4      | 2446 ||| FLEEEEING.
  2447 | D:4      | 2447 ||| FLEEEEING.
  2448 | D:4      | 2448 ||| FLEEEEING.
  2449 | D:4      | 2449 ||| FLEEEEING.
  2450 | D:4      | 2450 ||| FLEEEEING.
  2451 | D:4      | 2451 ||| FLEEEEING.
  2452 | D:4      | 2452 ||| FLEEEEING.
  2453 | D:4      | 2453 ||| FLEEEEING.
  2455 | D:4      | 2455 ||| FLEEEEING.
  2456 | D:4      | 2456 ||| DRINKING potion of curing.
  2456 | D:4      | 2456 ||| (to cure confusion)
  2539 | D:4      | 2539 ||| FLEEEEING.
  2540 | D:4      | 2540 ||| FLEEEEING.
  2609 | D:4      | Reached skill level 10 in Ranged Weapons
  2752 | D:4      | Found a staircase to the Ecumenical Temple.
  2753 | D:4      | 2753 ||| PLANNING TEMPLE
  2759 | Temple   | Entered the Ecumenical Temple
  2817 | Temple   | 2817 ||| PLANNING OKAWARU WORSHIP
  2872 | Temple   | Became a worshipper of Warmaster Okawaru
  2873 | Temple   | 2873 ||| PLANNING D:1-11
  2903 | D:4      | Reached XP level 7. HP: 40/40 MP: 9/9
  3098 | D:5      | Entered Level 5 of the Dungeon
  3101 | D:5      | 3101 ||| STAIRDANCE
  3106 | D:4      | HP: 10/40 [poisoned by a water moccasin]
  3107 | D:4      | 3107 ||| READING 2 scrolls of teleportation.
  3107 | D:4      | HP: 4/40 [poisoned by a water moccasin]
  3108 | D:4      | 3108 ||| DRINKING potion of heal wounds.
  3165 | D:4      | HP: 9/40 [poisoned by a water moccasin]
  3165 | D:4      | HP: 4/40 [water moccasin (5)]
  3166 | D:4      | 3166 ||| READING scroll of teleportation.
  3166 | D:4      | HP: 1/40 [poisoned by a water moccasin]
  3167 | D:4      | Succumbed to a water moccasin's poison

Levels and vault maps discovered:
D:1:      ebering_trefoil_3fold, layout_rooms, minivault_4,
          hangedman_abyss_or_decor_lesser_grid
D:2:      minmay_evil_eye, layout_basic, basic_altar, minmay_misc_feat_plants,
          minmay_tetromino_t4
D:3:      layout_loops_cross, shapermc_ecumenical_altar_totnotflames,
          uniq_jessica, uniq_crazy_yiuf_cottage
D:4:      layout_basic, nicolae_yredelemnul_corpse_copse,
          nicolae_wu_jian_immortal_techniques, minmay_temple_entry_mini_moons,
          kennysheep_orc_chapel
D:5:      layout_layer_cave
Temple:   nicolae_temple_superstar

Skill      XL: |  1  2  3  4  5  6 |
---------------+-------------------+-----
Ranged Weapons | 6 7 8 9 10 | 10.6
Dodging        | 3 4 |  4.0
Fighting       | 2 |  2.0
Stealth        | |  1.2

Action                     |  1- 3 |  4- 6 |  7- 9 || total
---------------------------+-------+-------+-------++-------
   Fire: Shortbow          |   110 |   202 |    29 ||   341
    Use: Potion            |     1 |     4 |     1 ||     6
         Scroll            |       |    11 |     2 ||    13
 Armour: Leather armour    |     4 |       |       ||     4
         Ring mail         |    19 |    35 |     2 ||    56
  Dodge: Dodged            |    27 |    76 |    16 ||   119

Table legend:
 A = Non-vault XP
 B = Vault XP
 C = Vault XP percentage of total XP
 D = Non-vault monster count
 E = Vault monster count
 F = Vault count percentage of total count
                 A         B        C        D         E       F
            +---------+---------+-------+---------+---------+-------
      Total |     544 |     310 |  36.3 |      89 |      17 |  16.0
            +---------+---------+-------+---------+---------+-------
        D:1 |      52 |       0 |   0.0 |      29 |       0 |   0.0
        D:2 |      78 |      22 |  22.0 |      26 |       7 |  21.2
        D:3 |      33 |      37 |  52.9 |      14 |       1 |   6.7
        D:4 |     381 |     251 |  39.7 |      20 |       9 |  31.0
            +---------+---------+-------+---------+---------+-------
